AoeStats
← 殺手小賴

Arena

505681161Analyzed
4v4 RM · 22d ago on Sep 10, 2026· 72m 25s· 8 players
Game mode
Random Map
Map size
Large (8 player)
Population
200
Speed
Normal
Resources
Standard
Victory
Conquest
Starting age
Dark Age
Ending age
Imperial Age
RankedLock teamsTeams togetherTeam positionsShared explorationLock speedFull tech treeHidden civsTurbo modeCheats
Victory
Defeat
🇵🇪 Bohemians · Peru
1077
+18
🇹🇷 Poles · Türkiye
1067
+18
🇹🇼 Turks · Taiwan
1044
+19
🇹🇼 Burgundians · Taiwan
1043
+19
🇹🇼 Poles · Taiwan
1149
-21
🇹🇼 Italians · Taiwan
1132
-19
🇹🇼 Turks · Taiwan
1084
-17
🇹🇼 Burgundians · Taiwan
1073
-17
SURTIME
10:43 Feudal Age
14:28 Castle Age
13:45 Loom
14:29 Double-Bit Axe
18:45 Redemption
19:27 Sanctity
21:10 Fervor
31:33 Imperial Age
29:31 Bow Saw
34:11 Conscription
33:17 Pikeman
33:44 Treadmill Crane
37:30 Scale Mail Armor
37:41 Forging
39:56 Wheelbarrow
39:07 Town Watch
39:09 Halberdier
41:18 Town Patrol
40:53 Elite Hussite Wagon
42:20 Chain Mail Armor
42:15 Forging
43:17 Two-Man Saw
43:42 Chemistry
43:04 Ballistics
42:59 Masonry
45:51 Hand Cart
48:41 Plate Mail Armor
48:46 Iron Casting
51:03 Iron Casting
50:20 Fletching
60:02 Blast Furnace
58:58 Bodkin Arrow
59:03 Padded Archer Armor
61:14 Elite Skirmisher
61:59 Bracer
62:14 Leather Archer Armor
66:29 Guilds
66:22 Horse Collar
Skafoid
14:26 Feudal Age
22:15 Castle Age
20:50 Gold Mining
20:48 Double-Bit Axe
23:33 Bow Saw
23:04 Horse Collar
24:44 Coinage
26:04 Heavy Plow
31:35 Wheelbarrow
32:51 Scale Barding Armor
32:09 Light Cavalry
33:00 Bloodlines
32:50 Husbandry
32:45 Arson
33:00 Squires
33:12 Stone Mining
34:37 Stone Shaft Mining
34:24 Chain Barding Armor
34:05 Scale Mail Armor
34:15 Forging
36:16 Hand Cart
37:44 Iron Casting
40:26 Imperial Age
37:44 Loom
37:46 Town Watch
39:22 Szlachta Privileges
41:28 Lechitic Legacy
40:32 Cavalier
43:36 Crop Rotation
43:24 Chain Mail Armor
47:08 Blast Furnace
46:38 Plate Mail Armor
46:50 Banking
46:12 Winged Hussar
47:32 Conscription
46:42 Sappers
50:22 Town Patrol
52:28 Pikeman
57:13 Man-at-Arms
58:49 Long Swordsman
61:04 Two-Handed Swordsman
61:46 Fletching
61:56 Padded Archer Armor
61:57 Champion
70:31 Caravan
ChenEn
0:42 Loom
13:00 Feudal Age
17:13 Castle Age
15:34 Double-Bit Axe
15:33 Horse Collar
15:47 Gold Mining
22:09 Imperial Age
20:08 Bow Saw
21:22 Fervor
22:25 Sanctity
26:07 Wheelbarrow
27:37 Fletching
27:47 Padded Archer Armor
31:47 Bodkin Arrow
32:08 Leather Archer Armor
32:00 Scale Barding Armor
32:06 Forging
35:35 Chain Barding Armor
35:51 Iron Casting
37:35 Two-Man Saw
36:19 Heavy Camel Rider
37:00 Husbandry
37:11 Bloodlines
37:21 Fortified Wall
37:19 Murder Holes
38:21 Masonry
37:53 Treadmill Crane
40:07 Ballistics
44:15 Conscription
45:29 Heavy Plow
45:36 Bracer
45:40 Scale Mail Armor
46:16 Architecture
49:35 Hand Cart
53:04 Plate Barding Armor
55:07 Artillery
59:19 Bombard Tower
58:47 Arrowslits
68:56 Plate Barding Armor
cooldaban
4:45 Loom
4:59 Double-Bit Axe
11:23 Feudal Age
9:59 Horse Collar
10:52 Stone Mining
10:56 Gold Mining
12:29 Loom
13:14 Bow Saw
16:52 Stone Shaft Mining
18:20 Castle Age
17:01 Heavy Plow
20:04 Two-Man Saw
25:21 Cavalier
27:37 Elite Skirmisher
28:48 Pikeman
34:47 Forging
34:42 Scale Barding Armor
42:37 Fletching
43:41 Bodkin Arrow
43:46 Padded Archer Armor
45:53 Wheelbarrow
45:30 Husbandry
49:57 Imperial Age
48:23 Forging
50:52 Paladin
51:43 Scale Barding Armor
52:14 Iron Casting
53:58 Hand Cart
53:47 Scale Mail Armor
54:47 Blast Furnace
57:11 Chain Barding Armor
57:21 Chain Mail Armor
59:26 Chemistry
63:27 Stone Shaft Mining
63:27 Gold Shaft Mining
70:04 Caravan
70:03 Light Cavalry
72:37 Town Watch
xnbhdx
4:58 Double-Bit Axe
6:30 Horse Collar
11:24 Feudal Age
10:39 Gold Mining
13:01 Bow Saw
13:55 Heavy Plow
20:33 Castle Age
19:50 Gold Shaft Mining
20:00 Scale Barding Armor
20:06 Forging
20:34 Cavalier
21:15 Husbandry
30:56 Wheelbarrow
31:25 Crop Rotation
32:22 Chain Barding Armor
34:50 Stone Mining
35:52 Iron Casting
37:31 Hand Cart
39:50 Imperial Age
38:03 Treadmill Crane
38:45 Ballistics
40:05 Paladin
40:11 Paladin
42:10 Plate Barding Armor
44:34 Burgundian Vineyards
45:50 Blast Furnace
45:45 Conscription
45:36 Pikeman
46:17 Squires
46:02 Arson
45:42 Pikeman
46:22 Squires
48:03 Halberdier
52:09 Scale Mail Armor
61:49 Two-Man Saw
61:52 Chain Mail Armor
70:33 Light Cavalry
殺手小賴
2:49 Loom
11:54 Feudal Age
12:59 Double-Bit Axe
18:18 Castle Age
18:26 Scale Barding Armor
18:32 Forging
20:32 Chain Barding Armor
22:17 Iron Casting
22:08 Husbandry
22:19 Bloodlines
24:50 Bow Saw
26:22 Light Cavalry
28:56 Gold Mining
28:56 Stone Mining
29:50 Wheelbarrow
32:48 Hand Cart
33:03 Horse Collar
34:51 Stone Shaft Mining
36:13 Fervor
38:47 Imperial Age
36:27 Szlachta Privileges
36:57 Town Watch
38:51 Winged Hussar
38:51 Cavalier
42:38 Blast Furnace
41:39 Scale Mail Armor
49:29 Lechitic Legacy
49:31 Conscription
48:45 Capped Ram
50:01 Siege Ram
57:49 Padded Archer Armor
57:40 Fletching
57:42 Elite Skirmisher
58:30 Thumb Ring
64:11 Leather Archer Armor
63:51 Bodkin Arrow
TURTLE KING
11:04 Feudal Age
15:24 Castle Age
13:43 Double-Bit Axe
19:51 Imperial Age
20:12 Fletching
23:43 Bodkin Arrow
29:14 Loom
31:09 Horse Collar
34:15 Ballistics
35:20 Padded Archer Armor
39:44 Bracer
40:41 Leather Archer Armor
42:40 Thumb Ring
44:58 Bombard Tower
45:06 Conscription
46:08 Ring Archer Armor
46:15 Wheelbarrow
45:25 Town Watch
45:55 Gold Mining
46:35 Bloodlines
46:25 Husbandry
46:48 Heavy Camel Rider
49:26 Artillery
50:46 Scale Barding Armor
50:52 Forging
51:50 Husbandry
54:06 Bow Saw
64:04 Forging
aaron.su210
12:48 Feudal Age
16:47 Castle Age
15:13 Double-Bit Axe
15:29 Gold Mining
23:58 Imperial Age
21:50 Fletching
32:53 Loom
36:54 Elite Skirmisher
40:40 Bodkin Arrow
41:06 Padded Archer Armor
43:18 Ballistics
43:20 Horse Collar
49:43 Leather Archer Armor
52:35 Wheelbarrow
55:19 Squires
58:02 Hand Cart
58:05 Scale Barding Armor
58:11 Forging
58:02 Scale Mail Armor
60:48 Husbandry
60:59 Bloodlines
60:26 Light Cavalry
72:34 Ring Archer Armor
Connection lost

Rejoining the realm…

Still unreachable

The connection could not be restored.

Session expired

The server has moved on; the page needs a fresh start.